 Dungeon Crawl Stone Soup version 0.19.4-8-ga85b6b9 (webtiles) character file.

105 LORDOFBUTT the Sneak (level 4, -2/21 HPs)
             Began as a Spriggan Enchanter on Feb 11, 2017.
             Was an Initiate of Gozag.
             Killed by divine providence
             ... invoked by an orc priest
              (10 damage)
             ... on level 3 of the Dungeon.
             The game lasted 00:02:56 (2311 turns).

LORDOFBUTT the Sneak (Spriggan Enchanter)           Turns: 2311, Time: 00:02:57

Health: -2/21      AC:  3    Str:  5    XL:     4   Next: 54%
Magic:  9/9        EV: 19    Int: 16    God:    Gozag
Gold:   226        SH:  0    Dex: 16    Spells: 3 memorised, 3 levels left

rFire  . . .     SeeInvis +     a - +1 dagger
rCold  + . .     Gourm    .     b - +1 robe
rNeg   . . .     Faith    .     (shield restricted)
rPois  .         Spirit   .     (helmet restricted)
rElec  .         Reflect  .     (no cloak)
rCorr  .         Harm     .     (gloves unavailable)
MR     .....                    (boots unavailable)
Stlth  +++.......               i - amulet of regeneration
                                (no ring)
                                j - ring of protection from cold

@: very quick
A: unfitting armour, see invisible, herbivore 3, speed 3, slow metabolism 2
a: Potion Petition, Call Merchant, Bribe Branch, Renounce Religion


You were on level 3 of the Dungeon.
You worshipped Gozag.
Gozag was aware of your devotion.
You were not hungry.

You visited 1 branch of the dungeon, and saw 3 of its levels.

You collected 251 gold pieces.
You paid 25 gold pieces to Gozag.

Inventory:

Hand Weapons
 a - a +1 dagger (weapon)
Armour
 b - a +1 robe (worn)
Jewellery
 i - an amulet of regeneration (around neck)
 j - a ring of protection from cold (left hand)
Scrolls
 e - a scroll of immolation {unknown}
 f - 4 scrolls of identify {unknown}
 l - 2 scrolls of recharging {unknown}
 m - a scroll of remove curse {unknown}
 n - a scroll of noise {unknown}
 o - a scroll of blinking {unknown}
 q - 2 scrolls of fog {unknown}
 r - a scroll of teleportation {unknown}
 u - a scroll of enchant armour {unknown}
Potions
 g - a potion of mutation {unknown}
 h - a potion of lignification {unknown}
 k - a potion of flight {unknown}
 p - a potion of curing {unknown}
 s - a potion of cure mutation {unknown}
 t - a potion of berserk rage {unknown}
 v - a potion of heal wounds {unknown}
Books
 c - a book of Maledictions

   Spells                             Type                      Level
   a - Corona                         Hexes                        1
   b - Ensorcelled Hibernation        Hexes/Ice                    2
   c - Confuse                        Hexes                        3
   d - Tukima's Dance                 Hexes                        3
   e - Dazzling Spray                 Conjuration/Hexes            3
Comestibles
 d - a bread ration
 w - a royal jelly


   Skills:
 * Level 2.9 Short Blades
 + Level 4.1 Dodging
 + Level 4.9 Stealth
 + Level 3.1 Spellcasting
 + Level 4.2 Hexes
 + Level 0.5 Ice Magic


You had 3 spell levels left.
You knew the following spells:

 Your Spells              Type           Power        Failure   Level  Hunger
a - Corona                Hex            ###....      3%          1    None
b - Ensorcelled Hibernat  Hex/Ice        ##....       12%         2    ##.....
c - Confuse               Hex            ###.....     12%         3    ###....


Dungeon Overview and Level Annotations

Branches:
Dungeon (3/15)

Altars:
Gozag


Innate Abilities, Weirdness & Mutations

You are very small and have problems with some larger weapons.
You are too small for most types of armour.
You have supernaturally acute eyesight. (SInv)
You are a herbivore.
You cover ground extremely quickly.
You need consume almost no food.


Message History

An orc comes into view. It is wielding a trident.
An orc priest comes into view.
The orc priest shouts!
There are monsters nearby!
There are monsters nearby!
There are monsters nearby!
An orc comes into view. It is wielding a hand axe.
The orc priest closely misses you.
You barely miss the orc priest. The orc priest barely misses you.
The orc moves out of view.
The orc priest shouts!
The orc shouts!
You hit the orc priest.
The orc priest is lightly wounded.
The orc priest mumbles some strange prayers to Beogh against you.
Beogh smites you!
Ouch! That really hurt!
The orc priest mumbles some strange prayers to Beogh against you.
Beogh smites you!
You die...
Your body crumbles into a pile of gold.

#.###.##
#.#......#
##.#.##
#.######## ##.##
#.# ### #.# #.#
#.########
#.........
#..######.###.
#.....@o.o...o
#....###.#..###.
#..... #.# .#
........ #.# #
#...........
#.......####
###...... #...#


You could see 2 orc priests and an orc.

Vanquished Creatures
  5 adders
  A worm (D:2)
  A leopard gecko (D:1)
  An orc (D:3)
  4 goblins (D:1)
  6 hobgoblins
  12 jackals
  2 quokkas
  8 bats
  2 frilled lizards (D:1)
  4 kobolds
  7 rats
53 creatures vanquished.

Notes
Turn   | Place    | Note
-------+----------+-------------------------------------------
     0 | D:1      | LORDOFBUTT the Spriggan Enchanter began the quest for the Orb.
     0 | D:1      | Reached XP level 1. HP: 9/9 MP: 5/5
   216 | D:1      | Reached XP level 2. HP: 13/13 MP: 6/6
   860 | D:2      | Learned a level 2 spell: Ensorcelled Hibernation
   896 | D:2      | Reached XP level 3. HP: 16/16 MP: 1/8
   956 | D:2      | Learned a level 3 spell: Confuse
  1278 | D:2      | Found an opulent altar of Gozag.
  1417 | D:2      | Became a worshipper of Gozag Ym Sagoz the Greedy
  1596 | D:2      | Reached XP level 4. HP: 21/21 MP: 9/9
  2311 | D:3      | Killed from afar by an orc priest

Skill      XL: |  1  2  3  4 |
---------------+-------------+-----
Short Blades   | 2 |  2.9
Hexes          | 4 |  4.2
Dodging        | 4 |  4.1
Spellcasting   | 3 |  3.1
Stealth        | |  4.9
Ice Magic      | |  0.5

Action                   |  1- 3 |  4- 6 || total
-------------------------+-------+-------++-------
Melee: Dagger            |   136 |    98 ||   234
 Cast: Ensorcelled Hiber |     8 |       ||     8
       Confuse           |     2 |       ||     2
 Stab: Sleeping          |    14 |     5 ||    19
       Distracted        |     1 |       ||     1
       Confused          |     1 |       ||     1
Armor: Robe              |    14 |     8 ||    22
Dodge: Dodged            |   158 |    89 ||   247
